 Dungeon Crawl Stone Soup version 0.25-a0-185-g6cfeca75b2 (webtiles) character file.

Game seed: 320862284234250784, levelgen mode: deterministic

93 Leeroy the Conjurer (level 4, -5/33 HPs)
             Began as a Draconian Conjurer on Nov 27, 2019.
             Splashed by an orc's acid (15 damage)
             ... on level 3 of the Dungeon.
             The game lasted 00:03:18 (2917 turns).

Leeroy the Conjurer (Draconian Conjurer)            Turns: 2917, Time: 00:03:19

Health: -5/33      AC:  5    Str: 10    XL:     4   Next: 36%
Magic:  7/7        EV: 12    Int: 17    God:
Gold:   137        SH:  0    Dex: 11    Spells: 4/7 levels left

rFire    . . .     SeeInvis .   e - +0 short sword
rCold    . . .     Gourm    .   (no shield)
rNeg     . . .     Faith    .   (armour unavailable)
rPois    .         Spirit   .   (helmet restricted)
rElec    .         Reflect  .   (no cloak)
rCorr    .         Harm     .   (no gloves)
MR       .....                  (no boots)
Stlth    ++........             (no amulet)
HPRegen  0.11/turn              (no ring)
MPRegen  0.10/turn              (no ring)

@: no status effects
A: unfitting armour, cold-blooded, AC +5
a: no special abilities


You were on level 3 of the Dungeon.
You were not hungry.

You visited 1 branch of the dungeon, and saw 3 of its levels.

You collected 137 gold pieces.

Inventory:

Hand Weapons
 e - a +0 short sword (weapon)
 h - a +1 dagger of venom
Jewellery
 m - an uncursed ring of protection from fire
 q - an uncursed amulet of guardian spirit {unknown}
Scrolls
 a - a scroll of enchant weapon {unknown}
 d - a scroll of teleportation {unknown}
 f - a scroll of enchant armour {unknown}
 i - a scroll of magic mapping {unknown}
 j - a scroll of remove curse {unknown}
 n - 2 scrolls of immolation {unknown}
 o - a scroll of blinking {unknown}
 r - a scroll of fog {unknown}
Potions
 c - a potion of berserk rage {unknown}
 g - a potion of flight {unknown}
 k - a potion of invisibility {unknown}
 l - a potion of lignification {unknown}
 p - a potion of brilliance {unknown}
Comestibles
 b - 5 rations


   Skills:
 - Level 1.7 Dodging
 - Level 1.7 Stealth
 - Level 2.0 Spellcasting
 + Level 5.9 Conjurations


You had 4 spell levels left.
You knew the following spells:

 Your Spells              Type           Power        Failure   Level  Hunger
a - Magic Dart            Conj           ###.         1%          1    #......
b - Searing Ray           Conj           ###...       2%          2    ###....

Your spell library contained the following spells:

 Spells                   Type           Power        Failure   Level  Hunger
 Dazzling Spray           Conj/Hex       ##....       17%         3    ###....
 Iskenderun's Mystic Bla  Conj           ###.....     17%         4    #####..
 Force Lance              Conj/Tloc      ##......     50%         4    #####..
 Fulminant Prism          Conj/Hex       ##........   50%         4    #####..


Dungeon Overview and Level Annotations

Branches:
Dungeon (3/15)

Altars:
Cheibriados

Annotations:
D:3 Jessica, Terence


Innate Abilities, Weirdness & Mutations

Your plain brown scales are hard. (AC +5)
You cannot fit into any form of body armour.
You are cold-blooded and may be slowed by cold attacks.


Message History

Jessica gestures wildly while chanting.
Jessica blinks!
The bat hits you but does no damage.
Jessica moves out of view.
The orc moves out of view.
You miss the bat. The bat misses you.
An orc comes into view. It is wielding a +0 whip.
The orc shouts! x2
The bat hits you but does no damage.
Jessica gestures wildly while chanting.
Jessica blinks!
You hit the orc.
The orc is heavily wounded.
The bat misses you. The orc hits you with a +0 war axe.
The orc closely misses you.
A leopard gecko comes into view.
You hit the orc.
The orc is almost dead.
The bat barely misses you.
The orc zaps a wand.
The bolt of acid hits you!!
Ouch! That really hurt!
You are splashed with acid!
You die...

#.#.....##.....#.
#.#.###.##..##.#.
#.#.# .##..)..#.
###...#
.##..#....
#.....#
(##.......
######.##..#
##...... .......
#..# #.##.##
.......##..##
#)##.#
...o.bo@....#
####.##.#
......o##.#.#
#.......# .....o.
#.#.###)##.####
...@...
#.#..##.##.#
.......
#.##.##.##.#
.......
#.....#.##.#
.l.....
###.#.#.##.#
.......
#.#...##.#
#.##..##.#


You could see Jessica, 4 orcs, a leopard gecko and a bat.

Vanquished Creatures
  2 adders
  A gnoll (D:1)
  A worm (D:2)
  A dart slug (D:1)
  8 orcs
  2 giant cockroaches (D:1)
  6 goblins
  8 hobgoblins
  4 jackals
  A ball python (D:1)
  3 bats (D:1)
  A frilled lizard (D:1)
  8 kobolds
  4 rats
50 creatures vanquished.

Notes
Turn   | Place    | Note
-------+----------+-------------------------------------------
     0 | D:1      | Leeroy the Draconian Conjurer began the quest for the Orb.
     0 | D:1      | Reached XP level 1. HP: 14/14 MP: 3/3
   468 | D:1      | Reached XP level 2. HP: 18/20 MP: 5/5
   476 | D:1      | Learned a level 2 spell: Searing Ray
   980 | D:1      | Reached skill level 5 in Conjurations
  1355 | D:1      | Reached XP level 3. HP: 24/26 MP: 6/6
  2319 | D:2      | Reached XP level 4. HP: 33/33 MP: 7/7
  2339 | D:2      | Found a faded altar of an unknown god.
  2396 | D:3      | Noticed Terence
  2772 | D:3      | Found a snail-covered altar of Cheibriados.
  2913 | D:3      | Noticed Jessica
  2917 | D:3      | Splashed by an orc's acid

Levels and vault maps discovered:
D:1:      lemuel_arrival_lava_pool, layout_basic, roderic_lattice_a
D:2:      layout_rooms, chequers_ecumenical_altar_lobes, guppyfry_early_orc_mine
D:3:      layout_basic, cheibriados_altar_1, first_ration, uniq_jessica,
          uniq_terence

Skill      XL: |  1  2 |
---------------+-------+-----
Conjurations   | 5 |  5.9
Dodging        | |  1.7
Stealth        | |  1.7
Spellcasting   | |  2.0

Action                   |  1- 3 |  4- 6 || total
-------------------------+-------+-------++-------
Melee: Unarmed           |    31 |       ||    31
       Tailslap          |    10 |     3 ||    13
       Short sword       |   100 |    48 ||   148
 Cast: Magic Dart        |     4 |       ||     4
       Searing Ray       |     2 |     2 ||     4
 Stab: Sleeping          |     5 |       ||     5
  Eat: Chunk             |     1 |     2 ||     3
       Ration            |     1 |       ||     1
Armor: Skin              |    41 |    21 ||    62
Dodge: Dodged            |   103 |    33 ||   136

Table legend:
 A = Non-vault XP
 B = Vault XP
 C = Vault XP percentage of total XP
 D = Non-vault monster count
 E = Vault monster count
 F = Vault count percentage of total count
                 A         B        C        D         E       F
            +---------+---------+-------+---------+---------+-------
      Total |     116 |      17 |  12.8 |      43 |       7 |  14.0
            +---------+---------+-------+---------+---------+-------
        D:1 |      43 |       0 |   0.0 |      19 |       0 |   0.0
        D:2 |      37 |      17 |  31.5 |      12 |       7 |  36.8
        D:3 |      36 |       0 |   0.0 |      12 |       0 |   0.0
            +---------+---------+-------+---------+---------+-------
